 Dungeon Crawl Stone Soup version 0.30-a0-738-g116ff8c4af (webtiles) character file.

Game seed: 1381375945904760068

3560 mopl the Tainter (level 10, -1/66 (75) HPs)
             Began as a Formicid Venom Mage on Feb 3, 2023.
             Killed by vampiric draining
             ... invoked by a vampire
              (18 damage)
             ... on level 8 of the Dungeon.
             The game lasted 00:14:36 (7617 turns).

mopl the Tainter (Formicid Venom Mage)              Turns: 7617, Time: 00:14:37

HP:   -1/66 (75)    AC: 11    Str: 12    XL:     10   Next: 30%
MP:   14/14         EV: 13    Int: 20    God:
Gold: 188           SH: 10    Dex: 14    Spells: 7/15 levels left

rFire   . . .      SeeInvis +    (no weapon)
rCold   . . .      Faith    .    M - +0 buckler
rNeg    . . .      Spirit   .    J - +0 troll leather armour
rPois   .          Reflect  +    (helmet unavailable)
rElec   .          Harm     .    (no cloak)
rCorr   .          Rampage  .    s - +0 pair of gloves
Will    +....                    D - +0 pair of boots
Stlth   ++                       K - amulet of reflection
HPRegen 1.11/turn                g - +4 ring of protection
MPRegen 0.14/turn                (no ring)

@: heavily drained
A: permanent stasis, dig shafts and tunnels, antennae 3, four strong arms
a: Dig, Shaft Self


You were on level 8 of the Dungeon.
You visited 2 branches of the dungeon, and saw 9 of its levels.
You also visited: Sewer.

You collected 410 gold pieces.
You spent 222 gold pieces at shops.

Inventory:

Hand Weapons
 j - a +0 dagger
 q - the +6 whip of the Lurker {flame, Int+3}
   (You found it on level 6 of the Dungeon)

   Int:       It affects your intelligence (+3).
 u - a +2 dagger of draining
 F - a +0 quarterstaff
 G - a +0 short sword of holy wrath
Missiles
 d - a curare-tipped dart
 n - 28 poisoned darts
 H - a throwing net
 I - a javelin
 N - 6 boomerangs
Armour
 s - a +0 pair of gloves (worn)
 t - a +0 ring mail
 y - a +0 tower shield
 D - a +0 pair of boots (worn)
 J - a +0 troll leather armour (worn)
 M - a +0 buckler (worn)
Magical Staves
 a - a staff of poison
Jewellery
 g - a +4 ring of protection (left hand)
 K - an amulet of reflection (around neck)
Wands
 C - a wand of flame (24)
Scrolls
 c - 2 scrolls of enchant weapon {unknown}
 e - 3 scrolls of immolation {unknown}
 f - 2 scrolls of blinking {unknown}
 h - a scroll of vulnerability {unknown}
 i - 5 scrolls of teleportation {unknown}
 l - 8 scrolls of identify {unknown}
 v - a scroll of enchant armour {unknown}
 w - a scroll of poison {unknown}
 E - a scroll of fog {unknown}
 L - 2 scrolls of silence {!r}
Potions
 b - a potion of magic
 k - a potion of attraction
 m - 2 potions of heal wounds
 o - 2 potions of flight
 p - 5 potions of curing
 r - 5 potions of might {unknown}
 x - a potion of lignification {!q}
 z - 2 potions of haste {unknown}
 A - 2 potions of degeneration {unknown}
 B - a potion of invisibility {unknown}
 O - a potion of resistance {unknown}
 P - a potion of brilliance


   Skills:
 + Level 5.6 Fighting
 + Level 5.4 Armour
 + Level 5.0 Dodging
 - Level 2.4 Stealth
 + Level 6.1 Shields
 - Level 3.0 Spellcasting
 - Level 1.1 Transmutations
 + Level 11.1 Poison Magic
 + Level 5.5 Evocations


You had 7 spell levels left.
You knew the following spells:

 Your Spells              Type           Power      Damage    Failure   Level
a - Sting                 Tmut/Pois      100%       1d8       1%          1
d - Mephitic Cloud        Conj/Pois/Air  17%        N/A       14%         3
o - Olgreb's Toxic Radia  Pois           47%        N/A       2%          4

Your spell library contained the following spells:

 Spells                   Type           Power      Damage    Failure   Level
 Poisonous Vapours        Pois/Air       50%        N/A       3%          2
 Freeze                   Ice            12%        1d3       22%         1
 Necrotise                Necr           12%        1d4       22%         1
 Frozen Ramparts          Ice            6%         1d1       54%         3
 Hailstorm                Conj/Ice       3%         3d3       54%         3
 Vampiric Draining        Necr           3%         2d6       54%         3
 Agony                    Necr           3%         N/A       99%         5
 Freezing Cloud           Conj/Ice/Air   1%         6-21      99%         5
 Simulacrum               Ice/Necr       1%         N/A       100%        6
 Malign Gateway           Summ/Tloc      1%         N/A       100%        7
 Summon Horrible Things   Summ           1%         N/A       100%        8
 Polar Vortex             Ice            1%         N/A       100%        9


Dungeon Overview and Level Annotations

Branches:
Dungeon (8/15)             Temple (1/1) D:6           Sewer (visited)
   Lair: D:8-11

Altars:
Ashenzari
Dithmenos
Elyvilon
Fedhas
Gozag
Hepliaklqana
Kikubaaqudgha
Makhleb
Nemelex Xobeh
Okawaru
Qazlal
Ru
Sif Muna
Trog
Uskayaw
Vehumet
Wu Jian
Xom
Yredelemnul
Zin
The Shining One

Shops:
D:6 *(   D:7 *

Annotations:
D:3 1 runed translucent door, Crazy Yiuf


Innate Abilities, Weirdness & Mutations

You cannot be hasted, slowed, berserked, paralysed or teleported.
You can dig through walls and to a lower floor.
You have a pair of large antennae on your head. (SInv)
Your four strong arms can wield two-handed weapons with a shield.


Message History

You closely miss something.
Your transformation is almost over.
Something hits you.
* * * LOW HITPOINT WARNING * * *
Something bites you but does no damage.
You barely miss something. Something hits you but does no damage.
You block something's attack.
You hit something but do no damage. You block something's attack.
Something bites you but does no damage.
You completely miss something. Something hits you but does no damage.
Something bites you but does no damage.
You barely miss something. You block something's attack.
Something bites you but does no damage.
You closely miss something. Something hits you but does no damage.
Something bites you but does no damage.
You closely miss something. Something hits you!
* * * LOW HITPOINT WARNING * * *
Something bites you but does no damage.
You hit something. Something hits you but does no damage. Something bites you.
* * * LOW HITPOINT WARNING * * *
Something draws strength from your injuries!
You feel much better.
You feel less wooden.
Your +0 pair of gloves unmelds from your body.
Your +0 pair of boots unmelds from your body.
Your +0 troll leather armour unmelds from your body.
The vampire draws life force from you.
* * * LOW HITPOINT WARNING * * *
The vampire is healed by the life force!
Really attack while wielding nothing? [Y]es or [N]o only, please.
Really attack while wielding nothing? [Y]es or [N]o only, please.
Really attack while wielding nothing? [Y]es or [N]o only, please.
Really attack while wielding nothing?
You closely miss the vampire.
The vampire is heavily damaged.
The vampire draws life force from you!!
You die...

##### #...# #...#
####...# ..##...#########
.......##.....!#
.......##......#######...
...............V@........
....#####......#######.#.
....# #......# ....#
#......# ....# ##......#
....# #.?....... ....#
#.......#.# .###
#########.# .


You could see a vampire (invisible).

Vanquished Creatures
  Joseph (D:7)
  A troll (D:6)
  Prince Ribbit (D:7)
  Duvessa (D:6)
  A black bear (D:4)
  A sky beast (D:7)
  An ogre (D:6)
  4 centaurs
  3 kobold brigands
  3 bullfrogs
  2 necrophages (D:7)
  A scorpion (D:5)
  8 wights (D:7)
  Dowan (D:6)
  3 killer bees (D:7)
  7 electric eels (D:6)
  2 hounds (D:5)
  4 jellies
  2 orc priests (D:8)
  A gnoll bouda (D:5)
  2 iguanas
  2 orc wizards
  6 adders
  10 gnolls
  3 river rats (Sewer)
  2 shadow imps
  2 white imps
  5 ufetubi
  2 worms
  4 dart slugs
  20 orcs
  7 endoplasms
  5 giant cockroaches
  9 goblins
  4 hobgoblins
  7 jackals
  11 kobolds
  3 quokkas
  3 training dummies (D:6)
  7 ball pythons
  6 bats
  8 frilled lizards
  10 rats
186 creatures vanquished.

Vanquished Creatures (others)
  A kobold (D:6)
  55 plants
56 creatures vanquished.

Grand Total: 242 creatures vanquished

Notes
Turn   | Place    | Note
-------+----------+-------------------------------------------
     0 | D:1      | mopl the Formicid Venom Mage began the quest for the Orb.
     0 | D:1      | Reached XP level 1. HP: 13/13 MP: 3/3
   234 | D:1      | Reached XP level 2. HP: 12/19 MP: 0/5
   807 | D:2      | Reached XP level 3. HP: 7/24 MP: 0/7
   939 | D:2      | Reached skill level 3 in Spellcasting
   943 | D:2      | Learned a level 3 spell: Mephitic Cloud
  1029 | D:2      | Reached skill level 5 in Poison Magic
  1205 | D:2      | You fall into a shaft and drop 2 floors!
  1278 | D:4      | Reached XP level 4. HP: 30/30 MP: 3/8
  1295 | D:4      | Learned a level 4 spell: Olgreb's Toxic Radiance
  1449 | D:4      | Noticed a black bear
  1511 | D:4      | Reached skill level 6 in Poison Magic
  1511 | D:4      | Reached XP level 5. HP: 30/35 MP: 0/9
  1516 | D:4      | Found a glowing drain.
  1525 | Sewer    | Entered a sewer
  1601 | Sewer    | Reached skill level 7 in Poison Magic
  1640 | Sewer    | Noticed a kobold brigand
  1659 | Sewer    | Noticed a kobold brigand
  1660 | Sewer    | Killed a kobold brigand
  1661 | Sewer    | Reached XP level 6. HP: 41/41 MP: 3/10
  1674 | Sewer    | Reached skill level 8 in Poison Magic
  1865 | Sewer    | Found a white marble altar of Elyvilon.
  2355 | D:3      | Found a faded altar of an unknown god.
  2706 | D:3      | Found a runed translucent door.
  2707 | D:3      | Noticed Crazy Yiuf
  3561 | D:4      | Killed a black bear
  3562 | D:4      | Reached skill level 1 in Fighting
  3562 | D:4      | Reached skill level 1 in Armour
  3562 | D:4      | Reached skill level 2 in Dodging
  3562 | D:4      | Reached skill level 1 in Evocations
  3562 | D:4      | Reached XP level 7. HP: 27/48 MP: 7/11
  3666 | D:5      | Entered Level 5 of the Dungeon
  3678 | D:5      | Reached skill level 9 in Poison Magic
  4045 | D:5      | Reached skill level 2 in Fighting
  4045 | D:5      | Reached skill level 1 in Shields
  4045 | D:5      | Reached skill level 2 in Evocations
  4252 | D:5      | Reached skill level 2 in Armour
  4395 | D:5      | Found a glowing silver altar of Zin.
  4418 | D:5      | Reached XP level 8. HP: 55/56 MP: 12/12
  4690 | D:5      | Reached skill level 2 in Shields
  4992 | D:6      | Noticed Duvessa
  4993 | D:6      | Noticed Dowan
  5002 | D:6      | Reached skill level 3 in Dodging
  5004 | D:6      | Killed Duvessa
  5010 | D:6      | Killed Dowan
  5068 | D:6      | Found Firyv's Firing Range.
  5138 | D:6      | Noticed a troll
  5139 | D:6      | Reached skill level 3 in Fighting
  5139 | D:6      | Reached skill level 3 in Evocations
  5165 | D:6      | Killed a troll
  5166 | D:6      | Reached skill level 3 in Armour
  5166 | D:6      | Reached skill level 3 in Shields
  5272 | D:6      | Identified the +6 whip of the Lurker {flame, Int+3}
  5339 | D:6      | Found a staircase to the Ecumenical Temple.
  5353 | Temple   | Entered the Ecumenical Temple
  5713 | D:6      | Reached XP level 9. HP: 48/64 MP: 8/13
  5825 | D:6      | Reached skill level 10 in Poison Magic
  5861 | D:6      | Found Gozag's Platinum Reserve.
  5863 | D:6      | Found an opulent altar of Gozag.
  5888 | D:6      | Reached skill level 4 in Shields
  5889 | D:6      | Reached skill level 4 in Fighting
  5889 | D:6      | Reached skill level 4 in Evocations
  5961 | D:6      | Reached skill level 4 in Armour
  5961 | D:6      | Reached skill level 4 in Dodging
  6362 | D:7      | Noticed Joseph
  6374 | D:7      | Killed Joseph
  6450 | D:7      | Reached skill level 5 in Shields
  6465 | D:7      | Found a blossoming altar of Fedhas.
  6502 | D:7      | Noticed Prince Ribbit
  6508 | D:7      | Killed Prince Ribbit
  6521 | D:7      | Reached skill level 5 in Fighting
  6570 | D:7      | Reached XP level 10. HP: 61/70 MP: 14/14
  6622 | D:7      | Reached skill level 5 in Evocations
  6783 | D:7      | Reached skill level 5 in Armour
  6847 | D:7      | Found Nepuugug's General Store.
  6853 | D:7      | Bought a scroll of silence for 114 gold pieces
  6853 | D:7      | Bought a potion of brilliance for 48 gold pieces
  6853 | D:7      | Bought a potion of heal wounds for 60 gold pieces
  7195 | D:8      | Reached skill level 11 in Poison Magic
  7255 | D:8      | Reached skill level 6 in Shields
  7290 | D:7      | Reached skill level 5 in Dodging
  7617 | D:8      | Killed from afar by a vampire

Illustrated notes

Levels and vault maps discovered:
D:1:      scummos_arrival_checkerplants, layout_loops_ring, chequers_arboretum,
          minmay_misc_feat_enclosed
D:2:      layout_loops_corners, minmay_lizard_king
D:3:      layout_loops_ring, ebering_ecumenical_altar_abandoned,
          uniq_crazy_yiuf_cottage
D:4:      layout_basic, portal_sewer_entry_b, grunt_decor_mini_mirrors
D:5:      layout_loops_corners, lemuel_doored_altar, kennysheep_generic_room_10
D:6:      layout_loops_ring, nicolae_gozag_zags_fifth_avenue,
          minmay_temple_entry_grid, serial_bayou, serial_bayou_lake_a,
          serial_bayou_lagoon_b, serial_bayou_pond_d, serial_bayou_pond_d,
          serial_bayou_pond_d, nicolae_shop_firing_range, uniq_duvessa
D:7:      layout_loops_ring, mainiacjoe_overflow_catwalk, serial_shops, shop,
          serial_bayou_ford_a, uniq_prince_ribbit1, uniq_joseph
D:8:      layout_basic, slow_altar_2
Temple:   mainiacjoe_temple_bowtie_tessellation

Skill      XL: |  1  2  3  4  5  6  7  8  9 10 |
---------------+-------------------------------+-----
Spellcasting   | 3 |  3.0
Poison Magic   | 5 6 7 8 9 10 11 | 11.1
Fighting       | 1 2 3 5 |  5.6
Armour         | 1 2 3 4 5 |  5.4
Dodging        | 2 3 4 5 |  5.0
Evocations     | 1 2 3 4 5 |  5.5
Shields        | 1 3 5 6 |  6.1
Stealth        | |  2.4
Transmutations | |  1.1

Action                     |  1- 3 |  4- 6 |  7- 9 | 10-12 || total
---------------------------+-------+-------+-------+-------++-------
  Melee: Unarmed           |    21 |     6 |       |    33 ||    60
         Dagger            |     8 |    39 |     5 |       ||    52
         Staff             |       |    72 |   174 |    39 ||   285
         Punch             |       |     2 |     2 |       ||     4
         Short sword       |       |       |    20 |   222 ||   242
   Cast: Sting             |    61 |    12 |       |       ||    73
         Olgreb's Toxic Ra |       |    10 |    23 |     3 ||    36
    Use: Potion            |       |     2 |       |     5 ||     7
   Stab: Sleeping          |     1 |     2 |     4 |     2 ||     9
 Armour: Robe              |    25 |    34 |    44 |       ||   103
         Skin              |       |     3 |       |    33 ||    36
         Troll leather arm |       |       |    25 |    36 ||    61
  Dodge: Dodged            |    44 |    84 |    89 |   120 ||   337
  Block: Tower shield      |       |       |    31 |       ||    31
         Other             |       |       |    23 |       ||    23
         Buckler           |       |       |    10 |   126 ||   136
         Reflection        |       |       |     3 |     1 ||     4

Table legend: (Time is in decaauts)
 A = Elapsed time spent in this place.
 B = Non-inter-level travel time spent in this place.
 C = Inter-level travel time spent in this place.
 D = Time resting spent in this place.
 E = Time spent auto-exploring this place.
 F = Levels seen in this place.
 G = Mean time per level.
                   A        B        C        D        E       F      G
               +--------+--------+--------+--------+--------+-----+--------+
         Total |   7785 |   7494 |    291 |   1148 |   4304 |  10 |  778.5 |
       Dungeon |   7124 |   6855 |    269 |    968 |   3973 |   8 |  890.5 |
        Temple |    226 |    205 |     21 |      0 |    194 |   1 |  226.0 |
         Sewer |    434 |    434 |      0 |    180 |    136 |   1 |  434.0 |
               +--------+--------+--------+--------+--------+-----+--------+

Top non-repeatable levels by time:
     D:6: 1270 daAuts
     D:5: 1219 daAuts
     D:2: 1077 daAuts
     D:7: 1021 daAuts
     D:3: 844 daAuts
     D:1: 691 daAuts
     D:4: 660 daAuts
   Sewer: 434 daAuts
     D:8: 339 daAuts
  Temple: 226 daAuts
